 Dungeon Crawl Stone Soup version 0.30-a0-1123-gabc949cf19 (webtiles) character file.

Game seed: 1262902748535869143

14266 Orangeyouglad the Artisan of Death (level 12, -1/91 HPs)
             Began as a Human Necromancer on Apr 23, 2023.
             Was a Priest of Kikubaaqudgha.
             Slain by an orc knight
             ... wielding a +0 dire flail
              (10 damage)
             ... on level 10 of the Dungeon.
             The game lasted 01:05:51 (12548 turns).

Orangeyouglad the Artisan of Death (HuNe)          Turns: 12548, Time: 01:05:52

Health: -1/91      AC: 12    Str:  9    XL:     12   Next: 43%
Magic:  1/21       EV: 16    Int: 31    God:    Kikubaaqudgha [***...]
Gold:   1666       SH:  0    Dex: 22    Spells: 4/23 levels left

rFire   . . .        Y - staff of death "Set Duna" {rN+ Int+7 Dex+6}
rCold   . . .        s - orb {*Rage}
rNeg    + . .        U - +2 ring mail {Will+}
rPois   .            r - +0 helmet
rElec   .            R - scarf {+Inv}
rCorr   .            u - +0 pair of gloves
SInv    .            a - +0 pair of boots
Will    +....        o - amulet of regeneration
Stlth   +++          f - +6 ring of intelligence
HPRegen 1.15/turn    b - +4 ring of slaying
MPRegen 0.17/turn

%: random rage (20%)
@: animating dead
A: no striking features
a: Renounce Religion, Evoke Invisibility, Unearth Wretches


You were on level 10 of the Dungeon.
You worshipped Kikubaaqudgha.
Kikubaaqudgha was most pleased with you.
You visited 2 branches of the dungeon, and saw 11 of its levels.
You also visited: Ossuary and Bailey.

You collected 1913 gold pieces.
You spent 247 gold pieces at shops.

Inventory:

Hand Weapons
 j - a +0 sling of freezing
 l - the +3 war axe of Duty {spect, Stlth+}
   (You found it on level 5 of the Dungeon)

   Stlth:     It makes you more stealthy.
 X - the +7 staff of the Meek {protect, meekguard}
   (You acquired it on level 9 of the Dungeon)
 Z - the +4 long sword of the Evil Eye {freeze, Int+4}
   (You took it off an orc wizard on level 10 of the Dungeon)

   Int:       It affects your intelligence (+4).
Missiles
 B - 31 poisoned darts (quivered)
 G - 7 curare-tipped darts
 Q - 2 silver javelins
Armour
 a - a +0 pair of boots (worn)
 k - a +0 kite shield
 r - a +0 helmet (worn)
 s - an orb of wrath (worn)
 u - a +0 pair of gloves (worn)
 K - a +3 leather armour
 R - a scarf of invisibility (worn)
 U - a +2 ring mail of willpower (worn)
Magical Staves
 p - a staff of fire
 v - a staff of earth
 Y - the staff of death "Set Duna" (weapon) {rN+ Int+7 Dex+6}
   (You acquired it on level 9 of the Dungeon)

   [staff of death]

   Base accuracy: +5 Base damage: 5 Base attack delay: 1.2 This weapon's minimum
   attack delay (0.6) is reached at skill level 12.
   Int:       It affects your intelligence (+7).
   Dex:       It affects your dexterity (+6).
   rN:        It protects you from negative energy.
   It falls into the 'Staves' category.
   It is a one-handed weapon.
Jewellery
 b - a +4 ring of slaying (right hand)
 c - a ring of protection from fire
 f - a +6 ring of intelligence (left hand)
 o - an amulet of regeneration (around neck)
 w - a ring of flight
 C - a ring of see invisible
Wands
 y - a wand of digging (9)
 J - a wand of polymorph (10)
 O - a wand of iceblast (15)
Scrolls
 d - 4 scrolls of poison
 e - 2 scrolls of vulnerability
 h - a scroll of silence
 t - 3 scrolls of blinking
 z - a scroll of fear
 E - a scroll of immolation
 F - 4 scrolls of enchant armour
 L - 3 scrolls of magic mapping
 M - 2 scrolls of butterflies
 P - 2 scrolls of fog {unknown}
 S - a scroll of brand weapon
 T - 2 scrolls of teleportation {unknown}
Potions
 g - 3 potions of haste
 i - a potion of flight
 m - 5 potions of curing
 n - a potion of invisibility
 q - a potion of degeneration {unknown}
 x - a potion of cancellation
 A - 3 potions of brilliance
 D - 3 potions of attraction
 I - 2 potions of might {unknown}
 V - 2 potions of mutation {unknown}
 W - 3 potions of heal wounds


   Skills:
 - Level 7.0 Fighting
 - Level 0.5 Staves
 - Level 2.9 Ranged Weapons
 - Level 5.6 Armour
 + Level 9.6 Dodging
 - Level 5.2 Stealth
 + Level 6.0 Spellcasting
 + Level 10.2 Necromancy
 - Level 3.3 Transmutations
 - Level 4.0 Air Magic
 + Level 4.1 Evocations


You had 4 spell levels left.
You knew the following spells:

 Your Spells              Type           Power      Damage    Failure   Level
a - Sublimation of Blood  Necr           83%        N/A       1%          2
b - Animate Dead          Necr           83%        N/A       1%          4
c - Vampiric Draining     Necr           83%        2d11      1%          3
d - Swiftness             Air            34%        N/A       7%          3
e - Wereblood             Tmut           29%        N/A       4%          2
f - Agony                 Necr           83%        N/A       4%          5

Your spell library contained the following spells:

 Spells                   Type           Power      Damage    Failure   Level
 Kiss of Death            Conj/Necr      100%       2d13      1%          1
 Necrotise                Necr           100%       1d9       1%          1
 Passwall                 Tmut/Erth      15%        N/A       10%         2
 Apportation              Tloc           18%        N/A       12%         1
 Sandblast                Erth           18%        2d7       12%         1
 Summon Small Mammal      Summ           36%        N/A       12%         1
 Anguish                  Hex/Necr       28%        N/A       16%         4
 Ensorcelled Hibernation  Hex/Ice        18%        N/A       19%         2
 Lesser Beckoning         Tloc           18%        N/A       19%         2
 Gell's Gravitas          Tloc           9%         N/A       36%         3
 Stone Arrow              Conj/Erth      18%        3d8       36%         3
 Teleport Other           Tloc           9%         N/A       36%         3
 Borgnjor's Vile Clutch   Necr/Erth      28%        N/A       38%         5
 Simulacrum               Ice/Necr       28%        N/A       93%         6
 Summon Hydra             Summ           4%         N/A       100%        7


Dungeon Overview and Level Annotations

Branches:
Dungeon (10/15)            Temple (1/1) D:7            Lair (0/5) D:10
    Orc (0/2) D:9         Ossuary (visited)          Bailey (visited)

Altars:
Ashenzari
Cheibriados
Dithmenos
Elyvilon
Fedhas
Gozag
Hepliaklqana
Kikubaaqudgha
Makhleb
Nemelex Xobeh
Okawaru
Qazlal
Ru
Sif Muna
Trog
Uskayaw
Vehumet
Wu Jian
Xom
Yredelemnul
Zin
The Shining One

Shops:
D:4 [   D:8 *


Message History

Casting: Sublimation of Blood (safe; 1% risk of failure)
Confirm with . or Enter, or press ? or * to list all spells.
Aiming: Vampiric Draining (safe; 1% risk of failure)
Press: ? - help, Shift-Dir - straight line, f/p - centaur warrior
Aim: a centaur warrior, wielding a +0 dagger and wearing a +0 robe (heavily wounded)
You feel a surge of power!
You draw life force from the centaur warrior!
You feel life coursing into your body.
The centaur warrior hits you with a +0 dagger!
The centaur warrior kicks you but does no damage.
A gargoyle comes into view. It is wielding a +0 flail.
Something hits you.
Casting: Vampiric Draining (safe; 1% risk of failure)
Confirm with . or Enter, or press ? or * to list all spells.
You feel a surge of power!
You call upon the dead to rise.
The centaur warrior barely misses you. The centaur warrior kicks you.
The centaur warrior completely misses you. x2
Something hits you!
Casting: Animate Dead (mildly dangerous; 1% risk of failure)
Confirm with . or Enter, or press ? or * to list all spells.
Aiming: Vampiric Draining (safe; 1% risk of failure)
Press: ? - help, Shift-Dir - straight line, f/p - centaur warrior
Aim: a centaur warrior, wielding a +0 dagger and wearing a +0 robe (severely wounded)
You feel a surge of power!
You draw life force from the centaur warrior!
You feel life coursing into your body!
The centaur warrior hits you with a +0 dagger.
The centaur warrior kicks you but does no damage.
Something hits you.
The centaur warrior attacks as you move away!
The centaur warrior hits you but does no damage.
The centaur warrior kicks you but does no damage.
The centaur warrior unwields a +0 dagger.
The centaur warrior wields a +0 shortbow.
The centaur warrior shoots an arrow.
The arrow barely misses you.
The centaur warrior shoots an arrow.
The arrow hits you!!
* * * LOW HITPOINT WARNING * * *
Something hits you!
You die...
Kikubaaqudgha rasps: "You have failed me!
Welcome... death!"

....###..).#.....#.#..##.#####...
#.)...#.#.#.#.#.##..#..#.#.......
...#.#.[(.##.....##..#.#.......#.
.#...#.##..#..#..###...#.......#.
##.###########)#####.###.#.....##
#...## #)#.#[#.#...#.#.......
.#.#.# #.#.#.##.#..#.#####...
.#.#.# #..#.#.#...#.# #... .Z#..#
#.#{@##.#..#.# #... #Z#.##
#.#.##.#...#.# ... ##.###
##c#####.###.# ..#..# #C#
##.####.### .#)#.#
#9Q.##.#.#.#...# # #...##
......#.#.#.#.#..#.# #).#.#
Q.##.:.##.#.#.#.##.#.# .##..# ...
.#.#.##.#.##.# ...
##.#################.###.##.###


You could see a centaur warrior, a cyclops and a gargoyle.

Vanquished Creatures
  A two-headed ogre (D:10)
  An orc high priest (D:10)
  A cyclops (D:10)
  3 kobold demonologists
  2 trolls (D:10)
  A hornet (D:10)
  Grinder (D:3)
  Prince Ribbit (D:5)
  Sigmund (D:3)
  A shadow (D:10)
  2 wraiths
  14 yaks
  3 wyverns
  A basilisk (D:7)
  A vampire mosquito (D:10)
  An acid dragon (D:10)
  An ice beast (D:8)
  21 orc warriors
  A black bear (D:6)
  2 ogres
  A sky beast (D:6)
  6 centaurs
  A phantom (D:5)
  3 kobold brigands
  4 bullfrogs
  2 gnoll sergeants
  2 scorpions
  7 wights
  8 killer bees
  6 electric eels (Bailey)
  6 howler monkeys
  6 hounds
  2 gnoll boudas
  A jelly (D:7)
  4 orc priests
  3 iguanas
  Natasha (twice) (D:3)
  9 orc wizards
  9 mummies
  15 gnolls
  10 adders
  A shadow imp (D:7)
  A white imp (D:6)
  2 ufetubi
  A worm (D:4)
  A dart slug (D:4)
  43 orcs
  4 bats
  10 endoplasms
  3 giant cockroaches
  A gnoll zombie (Ossuary)
  12 goblins
  10 hobgoblins
  9 jackals
  4 quokkas
  5 ball pythons
  3 frilled lizards (D:1)
  5 hobgoblin zombies (Ossuary)
  12 kobolds
  2 kobold zombies (Ossuary)
  6 rats
302 creatures vanquished.

Vanquished Creatures (collateral kills)
  A komodo dragon (D:9)
  A shadow (D:10)
  2 yaks (D:9)
  A steam dragon (D:10)
  A water moccasin (D:8)
  A centaur (D:10)
  A bullfrog (D:7)
  A wight (D:8)
  A killer bee (D:7)
  2 howler monkeys (D:8)
  A jelly (D:7)
  An orc wizard (D:10)
  Natasha (D:3)
  7 gnolls
  An adder (D:5)
  10 orcs
  A goblin (D:9)
  A bat (D:3)
35 creatures vanquished.

Vanquished Creatures (others)
  A shadow (D:10)
  A vampire mosquito zombie (D:10)
  A troll zombie (D:10)
  9 yak zombies
  3 centaur zombies (D:10)
  2 orc wizards (D:10)
  A killer bee zombie (D:8)
  An adder zombie (D:6)
  7 gnoll zombies
  2 goblin zombies (Bailey)
  2 hobgoblin zombies (Bailey)
  A kobold zombie (D:6)
  25 orc zombies
  A rat zombie (D:3)
  3 plants (D:4)
60 creatures vanquished.

Grand Total: 397 creatures vanquished

Notes
Turn   | Place    | Note
-------+----------+-------------------------------------------
     0 | D:1      | Orangeyouglad the Human Necromancer began the quest for the
                  | Orb.
     0 | D:1      | Reached XP level 1. HP: 13/13 MP: 3/3
    96 | D:1      | Reached XP level 2. HP: 18/19 MP: 0/5
   596 | D:1      | Reached XP level 3. HP: 24/24 MP: 6/6
  1109 | D:2      | Found a faded altar of an unknown god.
  1384 | D:1      | Learned a level 3 spell: Vampiric Draining
  1459 | D:2      | Reached XP level 4. HP: 11/30 MP: 0/7
  1631 | D:2      | Learned a level 4 spell: Animate Dead
  1645 | D:2      | Found a shadowy altar of Dithmenos.
  1843 | D:2      | Reached XP level 5. HP: 35/35 MP: 9/9
  2655 | D:3      | Noticed Sigmund
  2705 | D:3      | Noticed Natasha
  2711 | D:3      | Killed Natasha
  2724 | D:3      | Found a white marble altar of Elyvilon.
  2724 | D:3      | Noticed Natasha
  2755 | D:3      | Killed Natasha
  2850 | D:3      | Noticed Grinder
  2952 | D:3      | Noticed Natasha
  2960 | D:3      | Killed Natasha
  2961 | D:3      | Reached XP level 6. HP: 41/41 MP: 10/10
  3412 | D:4      | Reached skill level 5 in Necromancy
  3415 | D:4      | Found Caleroch's Antique Armour Shoppe.
  3806 | D:4      | Reached XP level 7. HP: 38/46 MP: 1/12
  4350 | D:5      | Entered Level 5 of the Dungeon
  4350 | D:5      | Noticed Prince Ribbit
  4553 | D:5      | Found a broken altar of Ashenzari.
  4603 | D:5      | Identified the +3 war axe of Duty {spect, Stlth+}
  4710 | D:5      | Found a bloodstained altar of Trog.
  4826 | D:5      | Reached XP level 8. HP: 53/53 MP: 14/14
  5005 | D:5      | Reached skill level 1 in Fighting
  5099 | D:5      | Killed Prince Ribbit
  5100 | D:5      | Reached skill level 5 in Stealth
  5100 | D:5      | Reached skill level 6 in Necromancy
  5340 | D:5      | Reached skill level 1 in Ranged Weapons
  5340 | D:5      | Reached skill level 5 in Dodging
  5527 | D:6      | Reached XP level 9. HP: 30/63 MP: 3/15
  5565 | D:6      | Found a sand-covered staircase.
  5571 | Ossuary  | Entered an ossuary
  5584 | Ossuary  | Learned a level 2 spell: Sublimation of Blood
  6042 | D:6      | Reached skill level 7 in Necromancy
  6170 | D:6      | Identified the +5 dagger of Infinite Pain {holy, Contam rC+
                  | Int+2}
  6353 | D:6      | Reached skill level 1 in Armour
  6622 | D:5      | Learned a level 3 spell: Swiftness
  6689 | D:3      | Killed Sigmund
  6762 | D:3      | Killed Grinder
  6763 | D:3      | Reached skill level 1 in Air Magic
  6868 | D:4      | Bought a runed leather armour for 130 gold pieces
  6884 | D:4      | Bought a pair of boots for 117 gold pieces
  6974 | D:7      | Found a staircase to the Ecumenical Temple.
  6982 | Temple   | Entered the Ecumenical Temple
  7337 | D:7      | Reached XP level 10. HP: 73/73 MP: 16/16
  7397 | D:7      | Reached skill level 5 in Fighting
  7751 | D:7      | Found an iron altar of Okawaru.
  7754 | D:7      | Found a radiant altar of Vehumet.
  7754 | D:7      | Found a shadowy altar of Dithmenos.
  7754 | D:7      | Found a blossoming altar of Fedhas.
  7755 | D:7      | Found a broken altar of Ashenzari.
  7755 | D:7      | Found a sparkling altar of Nemelex Xobeh.
  7756 | D:7      | Found an ancient bone altar of Kikubaaqudgha.
  7757 | D:7      | Found a hazy altar of Hepliaklqana.
  7757 | D:7      | Found a stormy altar of Qazlal.
  7758 | D:7      | Found a snail-covered altar of Cheibriados.
  7767 | D:7      | Became a worshipper of Kikubaaqudgha
  7829 | D:7      | Reached skill level 8 in Necromancy
  7947 | D:7      | Found an opulent altar of Gozag.
  7948 | D:7      | Found a glowing golden altar of the Shining One.
  8162 | D:7      | Learned a level 2 spell: Wereblood
  8560 | D:8      | Found Zetizymo's General Store.
  8680 | D:8      | Noticed an angel
  8681 | D:8      | Found a shimmering altar of Xom.
  8683 | D:8      | Found a glowing silver altar of Zin.
  8811 | D:9      | Reached * piety under Kikubaaqudgha
  8811 | D:9      | Received a gift from Kikubaaqudgha
  8996 | D:9      | Identified the +3 quarterstaff "Vustenet" {protect, *Rage
                  | rElec rC+ Dex+3}
  9002 | D:9      | Reached skill level 1 in Transmutations
  9005 | D:9      | Reached XP level 11. HP: 81/81 MP: 17/17
  9021 | D:9      | Found a flagged portal.
  9027 | Bailey   | Entered a bailey
  9138 | Bailey   | Reached skill level 5 in Armour
  9255 | Bailey   | Found an iron altar of Okawaru.
  9443 | Bailey   | Reached skill level 9 in Necromancy
  9846 | D:9      | Reached ** piety under Kikubaaqudgha
 10714 | D:9      | Acquired the +7 staff of the Meek {protect, meekguard}
 10714 | D:9      | Found the +7 staff of the Meek {protect, meekguard}
 10720 | D:9      | Acquired the staff of death "Set Duna" {rN+ Int+7 Dex+6}
 10729 | D:9      | Acquired 1001 gold pieces
 10867 | D:9      | Found a staircase to the Orcish Mines.
 11084 | D:10     | Entered Level 10 of the Dungeon
 11147 | D:10     | Found a staircase to the Lair.
 11248 | D:10     | Reached skill level 1 in Evocations
 11479 | D:10     | Reached *** piety under Kikubaaqudgha
 11479 | D:10     | Received a gift from Kikubaaqudgha
 11569 | D:10     | Reached skill level 5 in Spellcasting
 11692 | D:10     | Noticed a two-headed ogre
 11706 | D:10     | Killed a two-headed ogre
 11707 | D:10     | Reached XP level 12. HP: 40/91 MP: 9/19
 12120 | D:10     | Noticed an orc high priest
 12126 | D:10     | Killed an orc high priest
 12127 | D:10     | Reached skill level 10 in Necromancy
 12200 | D:10     | Identified the +4 long sword of the Evil Eye {freeze,
                  | Int+4}
 12503 | D:10     | Learned a level 5 spell: Agony
 12518 | D:10     | Noticed a boulder beetle
 12530 | D:10     | Noticed a centaur warrior
 12531 | D:10     | Noticed a tengu warrior
 12548 | D:10     | Slain by an orc knight

Illustrated notes

Levels and vault maps discovered:
D:1:      dpeg_arrival_tiny_d, layout_basic, wad_floor_pattern_2,
          kennysheep_crisscross
D:2:      layout_loops_ring, basic_altar, nicolae_ecumenical_pavilion
D:3:      layout_loops_cross, mainiacjoe_overflow_catwalk, uniq_natasha,
          uniq_grinder, uniq_sigmund
D:4:      cheibrodos_old_hovel, layout_basic, serial_shops, shop,
          nicolae_elevator_lobby_plus
D:5:      layout_gridville, chequers_serial_rivers_micro_b,
          hangedman_feature_mirror, uniq_prince_ribbit1
D:6:      layout_rooms, gup_ossuary_entry_pyramid
D:7:      layout_gridville, nicolae_overflows_in_rows,
          mainiacjoe_overflow_divided_tiny, temple_statues, serial_glass,
          glass_columns_b, glass_columns_a
D:8:      layout_basic, grunt_temple_overflow_order_and_chaos_1, serial_shops,
          nicolae_shop_waterfront
D:9:      layout_long_grid, david_orc_5, enter_bailey_3, patterned_corridor
D:10:     minmay_the_grid_square_5x5_4x4
          [minmay_the_grid_square_5x5_hollow_slash,
          minmay_the_grid_square_5x5_half_checkered,
          minmay_the_grid_square_5x5_six_small,
          minmay_the_grid_square_5x5_bridge,
          minmay_the_grid_square_5x5_moneybag,
          minmay_the_grid_square_5x5_prize_waves,
          minmay_the_grid_square_5x5_prize_monsterx,
          minmay_the_grid_square_5x5_inverted_slash,
          minmay_the_grid_square_5x5_shuriken,
          minmay_the_grid_square_5x5_prize_open,
          minmay_the_grid_square_5x5_prize_junk,
          minmay_the_grid_square_5x5_inner_i, minmay_the_grid_square_5x5_mess,
          minmay_the_grid_square_5x5_v, minmay_the_grid_square_5x5_corner,
          minmay_the_grid_square_5x5_fat_x], layout_basic, lair_entry_dummy,
          minmay_diced_spiral
Temple:   nicolae_temple_ecumenical_triangle

Skill      XL: |  1  2  3  4  5  6  7  8  9 10 11 12 |
---------------+-------------------------------------+-----
Stealth        | 3 4 5 |  5.2
Dodging        | 3 4 5 6 7 9 |  9.6
Spellcasting   | 3 4 5 6 |  6.0
Necromancy     | 5 6 7 8 9 10 | 10.2
Fighting       | 3 4 6 7 |  7.0
Ranged Weapons | 2 |  2.9
Armour         | 2 4 5 |  5.6
Air Magic      | 1 4 |  4.0
Transmutations | 1 3 |  3.3
Evocations     | 2 4 |  4.1
Staves         | |  0.5

Action                     |  1- 3 |  4- 6 |  7- 9 | 10-12 || total
---------------------------+-------+-------+-------+-------++-------
  Melee: Unarmed           |    25 |       |       |       ||    25
         Dagger            |     1 |       |    25 |       ||    26
         War axe           |       |       |    83 |    88 ||   171
         Punch             |       |       |     1 |       ||     1
         Quarterstaff      |       |       |       |   221 ||   221
         Staff             |       |       |       |   158 ||   158
         Long sword        |       |       |       |     3 ||     3
   Fire: Sling             |    26 |   105 |    89 |       ||   220
  Throw: Dart              |       |       |     1 |     1 ||     2
   Cast: Necrotise         |    39 |    34 |    14 |       ||    87
         Vampiric Draining |     1 |    10 |    23 |    59 ||    93
         Animate Dead      |       |     2 |     3 |    17 ||    22
         Wereblood         |       |       |       |     5 ||     5
         Sublimation of Bl |       |       |       |    19 ||    19
         Agony             |       |       |       |     3 ||     3
         Swiftness         |       |       |       |     1 ||     1
  Evoke: Wand              |       |     4 |    15 |     6 ||    25
    Use: Potion            |       |     1 |     6 |       ||     7
         Scroll            |       |       |    15 |    10 ||    25
   Stab: Sleeping          |       |       |     4 |     3 ||     7
         Distracted        |       |       |     2 |       ||     2
 Armour: Robe              |    13 |    14 |       |       ||    27
         Leather armour    |       |     8 |    40 |   151 ||   199
         Skin              |       |       |    29 |       ||    29
         Ring mail         |       |       |       |   104 ||   104
  Dodge: Dodged            |    77 |    77 |   158 |   588 ||   900

Table legend: (Time is in decaauts)
 A = Elapsed time spent in this place.
 B = Non-inter-level travel time spent in this place.
 C = Inter-level travel time spent in this place.
 D = Time resting spent in this place.
 E = Time spent auto-exploring this place.
 F = Levels seen in this place.
 G = Mean time per level.
                   A        B        C        D        E       F      G
               +--------+--------+--------+--------+--------+-----+--------+
         Total |  13234 |  12273 |    961 |   1387 |   5804 |  13 | 1018.0 |
       Dungeon |  11726 |  10765 |    961 |   1147 |   5402 |  10 | 1172.6 |
        Temple |    229 |    229 |      0 |      0 |     30 |   1 |  229.0 |
       Ossuary |    387 |    387 |      0 |    124 |     61 |   1 |  387.0 |
        Bailey |    891 |    891 |      0 |    116 |    311 |   1 |  891.0 |
               +--------+--------+--------+--------+--------+-----+--------+

Top non-repeatable levels by time:
     D:9: 1618 daAuts
    D:10: 1566 daAuts
     D:1: 1399 daAuts
     D:4: 1334 daAuts
     D:3: 1113 daAuts
     D:7: 1104 daAuts
     D:5: 1030 daAuts
     D:2: 1004 daAuts
     D:6: 900 daAuts
  Bailey: 891 daAuts
     D:8: 653 daAuts
 Ossuary: 387 daAuts
  Temple: 229 daAuts
